 Dungeon Crawl Stone Soup version bcrawl-1.27.3 (webtiles) character file.

Game seed: 7091400855678814817

138804 Freyura the Shield-Bearer (level 4, 0/29 HPs)
             Began as a Gargoyle Fighter on Aug 2, 2020.
             Slain by a worm (3 damage)
             ... on level 2 of the Dungeon.
             The game lasted 00:04:00 (1850 turns).

Freyura the Shield-Bearer (Gargoyle Fighter)        Turns: 1850, Time: 00:04:00

Health: 0/29       AC: 15    Str: 25    XL:     4   Next: 68%
Magic:  4/4        EV:  5    Int: 13    God:
Gold:   87         SH: 10    Dex: 10    Spells: 3/3 levels left

rFire    . . .     SeeInvis +   a - +0 flail
rCold    . . .     Gourm    .   c - +0 medium shield
rNeg     + . .     Faith    .   b - +0 scale mail
rPois    ∞         Spirit   .   i - +0 helmet {SInv}
rElec    +         Reflect  .   (no cloak)
rCorr    .         Harm     .   j - +0 pair of gloves (curse)
MR       .....                  (no boots)
Stlth    ..........             (no amulet)
HPRegen  0.09/turn              k - +2 ring of protection
MPRegen  0.09/turn              m - +5 ring of intelligence

@: mighty, hasted, very quick
A: negative energy resistance 1, electricity resistance, unbreathing,
petrification resistance, rot immunity, AC +3
a: no special abilities


You were on level 2 of the Dungeon.
You were hungry.

You visited 1 branch of the dungeon, and saw 2 of its levels.

You collected 87 gold pieces.

Inventory:

Hand Weapons
 a - a +0 flail (weapon)
Armour
 b - a +0 scale mail (worn)
 c - a +0 medium shield (worn)
 h - a +0 helmet
 i - a +0 helmet of see invisible (worn)
 j - a cursed +0 pair of gloves (worn)
Jewellery
 k - a +2 ring of protection (left hand)
 m - a +5 ring of intelligence (right hand)
Scrolls
 f - 2 scrolls of fog {unknown}
 l - 2 scrolls of identify
Potions
 g - 3 potions of mutation
 q - a potion of invisibility
Comestibles
 e - 4 rations {!d}


   Skills:
 + Level 3.9 Fighting
 * Level 3.3 Maces & Flails
 + Level 3.9 Armour
 + Level 3.9 Shields


You had 3 spell levels left.
You didn't know any spells.
Your spell library was empty.

Dungeon Overview and Level Annotations

Branches:
Dungeon (2/12)

Altars:
Cheibriados


Innate Abilities, Weirdness & Mutations

You are resistant to torment.
Your stone body is resilient. (AC +3)
You are immune to poison.
You resist negative energy. (rN+)
You are resistant to electric shocks. (rElec)
You can survive without breathing.
You are immune to petrification.
You are immune to rotting.


Message History

The adder skeleton is severely damaged.
The adder skeleton barely misses you. The adder skeleton bites you.
* * * LOW HITPOINT WARNING * * *
You block the worm's attack.
You sock the adder skeleton!
You destroy the adder skeleton!
You block the worm's attack.
It was a potion of haste.
You feel yourself speed up.
You feel very mighty all of a sudden. You block the worm's attack.
No missiles available.
Use F to throw any item.
No missiles available.
Use F to throw any item.
No missiles available.
Use F to throw any item.
No missiles available.
Use F to throw any item.
No missiles available.
Use F to throw any item.
Your shield prevents you from hitting the worm.
You sock the worm!
The worm is almost dead.
The worm bites you.
You die...

.......# ########
...########## ...#........#
#..#...####.# ##..#.#.# #.# #
#...#.#.# #.# ##### ...#.#.#
#.# ....# ### ####.w#)#.# #.#
###.# #..##..#@.#.#.# #.#
###.#
+.....['..#.#.####.######
....#
##8..8##..#..............
..(.#
##..######.#.####.######
###.# #..#........# #.#
###.#######..###.##.#+####'##
..........#..#...........<..#
#....####.#..#............).#
#....# #.##'#..............#


You could see a worm.

Vanquished Creatures
  A hound (D:2)
  An adder (D:2)
  An ooze (D:2)
  An adder skeleton (D:2)
  A worm (D:2)
  A dart slug (D:2)
  5 leopard geckos
  6 goblins
  A hobgoblin (D:2)
  10 jackals
  3 kobolds
  A quokka (D:2)
  3 bats (D:1)
  2 frilled lizards (D:1)
  3 rats
40 creatures vanquished.

Notes
Turn   | Place    | Note
-------+----------+-------------------------------------------
     0 | D:1      | Freyura the Gargoyle Fighter began the quest for the Orb.
     0 | D:1      | Reached XP level 1. HP: 14/14 MP: 1/1
   306 | D:1      | Reached XP level 2. HP: 16/19 MP: 2/2
   736 | D:1      | Reached XP level 3. HP: 23/23 MP: 3/3
  1373 | D:2      | Found a faded altar of an unknown god.
  1413 | D:2      | Found a snail-covered altar of Cheibriados.
  1643 | D:2      | Reached XP level 4. HP: 24/29 MP: 4/4
  1850 | D:2      | Slain by a worm

Skill      XL: |  1  2  3 |
---------------+----------+-----
Maces & Flails | 3 |  3.3
Fighting       | |  3.9
Armour         | |  3.9
Shields        | |  3.9

Action                   |  1- 3 |  4- 6 || total
-------------------------+-------+-------++-------
Melee: Flail             |   159 |    32 ||   191
  Use: Scroll            |     6 |       ||     6
       Potion            |       |     2 ||     2
  Eat: Chunk             |     7 |     2 ||     9
Armor: Scale mail        |   110 |    24 ||   134
Dodge: Dodged            |    44 |    10 ||    54
Block: Medium shield     |    97 |    28 ||   125
